AoeStats
← the shy

Arabia

504982117Analyzed
4v4 RM · 26d ago on Sep 7, 2026· 38m 39s· 8 players
Game mode
Random Map
Map size
Large (8 player)
Population
200
Speed
Normal
Resources
Standard
Victory
Conquest
Starting age
Dark Age
Ending age
Imperial Age
RankedLock teamsTeams togetherTeam positionsShared explorationLock speedFull tech treeHidden civsTurbo modeCheats
Victory
Defeat
🇨🇳 Magyars · China
1709
+7
🇸🇪 Muisca · Sweden
1656
+9
🇹🇷 Ethiopians · Türkiye
1618
+10
🇫🇷 Persians · France
1568
+12
🇮🇹 Magyars · Italy
1569
-12
🇨🇳 Huns · China
1521
-11
🇨🇳 Ethiopians · China
1512
-10
🇨🇳 Britons · China
1319
-5
Honda
6:29 Loom
8:55 Feudal Age
9:24 Double-Bit Axe
12:45 Fletching
21:29 Castle Age
20:08 Padded Archer Armor
20:16 Gold Mining
21:31 Crossbowman
22:07 Bodkin Arrow
22:34 Bow Saw
23:30 Ballistics
23:48 Leather Archer Armor
31:50 Imperial Age
32:32 Bracer
33:43 Chemistry
34:07 Arbalester
36:59 Wheelbarrow
36:08 Horse Collar
37:16 Thumb Ring
38:11 Ring Archer Armor
Roronoa Yolo
8:39 Feudal Age
9:15 Double-Bit Axe
9:56 Loom
20:48 Castle Age
18:37 Horse Collar
19:33 Scale Barding Armor
20:08 Gold Mining
20:31 Forging
21:22 Bloodlines
21:58 Bow Saw
25:17 Chain Barding Armor
25:20 Heavy Plow
28:41 Wheelbarrow
29:31 Iron Casting
31:30 Gold Shaft Mining
31:23 Hand Cart
34:24 Fletching
37:41 Imperial Age
39:23 Blast Furnace
清远华
8:35 Feudal Age
10:35 Double-Bit Axe
10:43 Horse Collar
15:10 Scale Barding Armor
17:16 Loom
20:07 Castle Age
19:41 Bloodlines
19:29 Gold Mining
21:00 Husbandry
21:20 Bow Saw
21:47 Heavy Plow
22:47 Chain Barding Armor
27:33 Wheelbarrow
33:12 Hand Cart
32:43 Town Watch
34:01 Gold Shaft Mining
33:17 Stone Mining
37:33 Imperial Age
36:50 Fletching
37:39 Cavalier
38:59 Plate Barding Armor
39:33 Chemistry
37:56 Light Cavalry
38:33 Bodkin Arrow
39:42 Two-Man Saw
39:16 Crop Rotation
Nodscouter
9:20 Feudal Age
9:33 Loom
10:25 Double-Bit Axe
10:32 Champi Runner
14:48 Fletching
17:04 Horse Collar
25:25 Castle Age
24:09 Padded Archer Armor
26:02 Bodkin Arrow
25:28 Crossbowman
29:13 Wheelbarrow
28:57 Bow Saw
30:02 Gold Mining
34:48 Imperial Age
33:22 Leather Archer Armor
34:08 Ballistics
35:46 Bracer
35:08 Arbalester
36:51 Chemistry
36:34 Thumb Ring
昊帅气
8:50 Feudal Age
9:02 Loom
9:31 Double-Bit Axe
14:56 Horse Collar
17:27 Bloodlines
18:32 Scale Barding Armor
21:41 Wheelbarrow
24:26 Castle Age
23:07 Gold Mining
25:27 Chain Barding Armor
24:28 Light Cavalry
25:11 Husbandry
25:33 Bow Saw
25:28 Heavy Plow
the shy
5:43 Loom
8:50 Feudal Age
10:47 Double-Bit Axe
10:44 Horse Collar
16:54 Scale Barding Armor
23:45 Castle Age
22:13 Gold Mining
22:55 Forging
23:00 Bloodlines
24:49 Chain Barding Armor
25:22 Wheelbarrow
库库林·白夜
5:08 Loom
8:43 Feudal Age
9:16 Double-Bit Axe
11:28 Town Watch
14:56 Fletching
25:52 Castle Age
24:13 Gold Mining
25:21 Padded Archer Armor
25:54 Crossbowman
26:30 Bodkin Arrow
28:00 Bow Saw
30:31 Gold Shaft Mining
31:32 Wheelbarrow
34:30 Ballistics
36:41 Leather Archer Armor
39:01 Thumb Ring
男高抗压位
6:01 Loom
6:49 Loom
10:27 Feudal Age
11:33 Double-Bit Axe
18:14 Fletching
26:12 Castle Age
26:23 Crossbowman
27:23 Bodkin Arrow
31:46 Padded Archer Armor
32:28 Wheelbarrow
33:36 Bow Saw
Connection lost

Rejoining the realm…

Still unreachable

The connection could not be restored.

Session expired

The server has moved on; the page needs a fresh start.